 Dungeon Crawl Stone Soup version 0.28.0-43-g3370ac3207 (webtiles) character file.

Game seed: 10221653291691599443

56 Ablot the Grasshopper (level 3, -5/31 HPs)
             Began as a Gnoll Warper on Mar 6, 2022.
             Slain by a gnoll
             ... wielding a +0 halberd
              (6 damage)
             ... on level 2 of the Dungeon.
             The game lasted 00:01:38 (1471 turns).

Ablot the Grasshopper (Gnoll Warper)                Turns: 1471, Time: 00:01:39

Health: -5/31      AC:  3    Str: 12    XL:     3   Next: 97%
Magic:  9/9        EV: 12    Int: 12    God:
Gold:   45         SH:  0    Dex: 11    Spells: 10/12 levels left

rFire   . . .      SeeInvis .   a - +0 spear
rCold   . . .      Faith    .   (no shield)
rNeg    . . .      Spirit   .   b - +0 leather armour
rPois   .          Reflect  .   (no helmet)
rElec   .          Harm     .   (no cloak)
rCorr   .          Rampage  .   (no gloves)
Will    .....                   (no boots)
Stlth   +.........              (no amulet)
HPRegen 0.10/turn               (no ring)
MPRegen 0.11/turn               (no ring)

@: no status effects
A: fangs 1, strong nose, distributed training
a: no special abilities


You were on level 2 of the Dungeon.
You visited 1 branch of the dungeon, and saw 2 of its levels.

You collected 74 gold pieces.
You spent 29 gold pieces at shops.

Inventory:

Hand Weapons
 a - a +0 spear (weapon)
 f - a +0 hunting sling
Missiles
 d - 5 boomerangs of dispersal (quivered)
 e - 36 sling bullets
 g - 19 bolts
 l - 24 stones
Armour
 b - a +0 leather armour (worn)
Wands
 k - a wand of acid (8)
Scrolls
 c - a scroll of blinking
 h - a scroll of teleportation {unknown}
 i - 3 scrolls of silence {unknown}
 n - a scroll of identify {unknown}
Potions
 j - a potion of magic {unknown}
 m - a potion of cancellation {unknown}


   Skills:
 + Level 4.6 Fighting
 + Level 1.0 Short Blades
 + Level 1.0 Long Blades
 + Level 1.0 Axes
 + Level 1.0 Maces & Flails
 + Level 4.6 Polearms
 + Level 1.0 Staves
 + Level 1.0 Slings
 + Level 1.0 Bows
 + Level 1.0 Crossbows
 + Level 2.7 Throwing
 + Level 2.7 Armour
 + Level 4.6 Dodging
 + Level 1.0 Stealth
 + Level 1.0 Shields
 + Level 1.0 Unarmed Combat
 + Level 5.0 Spellcasting
 + Level 0.7 Conjurations
 + Level 0.7 Hexes
 + Level 0.7 Summonings
 + Level 0.7 Necromancy
 + Level 5.4 Translocations
 + Level 0.7 Transmutations
 + Level 0.7 Fire Magic
 + Level 0.7 Ice Magic
 + Level 0.7 Air Magic
 + Level 0.7 Earth Magic
 + Level 0.7 Poison Magic
 + Level 1.1 Invocations
 + Level 1.0 Evocations


You had 10 spell levels left.
You knew the following spells:

 Your Spells              Type           Power      Damage    Failure   Level
a - Blink                 Tloc           32%        N/A       4%          2

Your spell library contained the following spells:

 Spells                   Type           Power      Damage    Failure   Level
 Gell's Gravitas          Tloc           16%        N/A       9%          3
 Lesser Beckoning         Tloc           16%        N/A       9%          3
 Teleport Other           Tloc           16%        N/A       9%          3
 Manifold Assault         Tloc           16%        N/A       58%         5


Dungeon Overview and Level Annotations

Branches:
Dungeon (2/15)

Altars:
Beogh

Shops:
D:1 *


Innate Abilities, Weirdness & Mutations

You have very sharp teeth.
Your uncanny sense of smell can sniff out nearby items.
Your experience applies equally to all skills.


Message History

A gnoll comes into view. It is wielding a +0 halberd.
You reach to attack!
You hit the gnoll.
The gnoll is moderately wounded.
The gnoll closely misses you.
You reach to attack!
You hit the gnoll.
The gnoll is heavily wounded.
The gnoll barely misses you.
You reach to attack!
You barely miss the gnoll.
The gnoll is heavily wounded.
The gnoll hits you from afar with a +0 spear.
You reach to attack!
You hit the gnoll but do no damage.
The gnoll is heavily wounded.
The gnoll barely misses you.
You reach to attack!
You hit the gnoll.
The gnoll is severely wounded.
The gnoll closely misses you.
You reach to attack!
You closely miss the gnoll.
The gnoll is severely wounded.
The gnoll hits you from afar with a +0 spear.
You reach to attack!
You hit the gnoll but do no damage.
The gnoll is severely wounded.
You reach to attack!
You barely miss the gnoll.
The gnoll is severely wounded.
The gnoll closely misses you.
You reach to attack!
You barely miss the gnoll.
The gnoll is severely wounded.
The gnoll hits you from afar with a +0 spear.
You reach to attack!
You barely miss the gnoll.
The gnoll is severely wounded.
The gnoll hits you from afar with a +0 spear.
You reach to attack!
You hit the gnoll.
The gnoll is severely wounded.
The gnoll hits you from afar with a +0 spear!
You are too injured to fight recklessly!
You are too injured to fight recklessly!
You are too injured to fight recklessly!
The gnoll hits you from afar with a +0 halberd!
* * * LOW HITPOINT WARNING * * *
The gnoll hits you with a +0 halberd.
You die...

###. ############...... ........#
#.................. ....##.#∆
..........#.#..#.## #...##.#
#.#####...#........ #...##.# #.#
#.#.#......## #...##.# #.#
#.#.#......# #...##.# #.#
#)###..#...##
#...##.#######g#####...........#
##..............@.........##.#..#
....######g####.#########.##.....
...........g.g..#.......#.#####.#
###.###.##g######...†...#.# #..
#.# #.##.# ########.#.#####.. #g#
#g#### .................. ... g..
########<..#####.. .## ### #...#
#.. .. #...# ##.


You could see 3 gnolls.

Vanquished Creatures
  Natasha (D:2)
  A worm (D:2)
  A dart slug (D:2)
  4 bats (D:1)
  2 endoplasms (D:1)
  2 giant cockroaches (D:1)
  6 goblins
  A quokka (D:1)
  3 ball pythons (D:1)
  A kobold (D:1)
  4 rats
26 creatures vanquished.

Notes
Turn   | Place    | Note
-------+----------+-------------------------------------------
     0 | D:1      | Ablot the Gnoll Warper began the quest for the Orb.
     0 | D:1      | Reached XP level 1. HP: 20/20 MP: 6/6
   203 | D:1      | Reached XP level 2. HP: 20/26 MP: 7/7
   208 | D:1      | Learned a level 2 spell: Blink
   341 | D:1      | Found Plog's Assorted Antiques.
   422 | D:1      | Bought a scroll labelled GOBBASTR ZAERYU for 29 gold pieces
   678 | D:1      | Found a faded altar of an unknown god.
   907 | D:2      | Noticed Natasha
   915 | D:2      | Noticed a crimson imp
   920 | D:2      | Noticed a crimson imp
   922 | D:2      | Killed Natasha
   923 | D:2      | Reached skill level 5 in Spellcasting
   923 | D:2      | Reached skill level 1 in Invocations
   923 | D:2      | Reached XP level 3. HP: 12/31 MP: 7/9
  1199 | D:2      | Reached skill level 1 in Short Blades
  1199 | D:2      | Reached skill level 1 in Long Blades
  1199 | D:2      | Reached skill level 1 in Axes
  1199 | D:2      | Reached skill level 1 in Maces & Flails
  1199 | D:2      | Reached skill level 1 in Staves
  1199 | D:2      | Reached skill level 1 in Slings
  1199 | D:2      | Reached skill level 1 in Bows
  1199 | D:2      | Reached skill level 1 in Crossbows
  1199 | D:2      | Reached skill level 1 in Stealth
  1199 | D:2      | Reached skill level 1 in Shields
  1199 | D:2      | Reached skill level 1 in Unarmed Combat
  1199 | D:2      | Reached skill level 1 in Evocations
  1470 | D:2      | HP: 1/31 [gnoll/+0 halberd (9)]
  1471 | D:2      | Slain by a gnoll

Illustrated notes

Levels and vault maps discovered:
D:1:      lightli_arrival_chessboard, layout_loops_cross,
          hellmonk_ecumenical_altar_defaced_shrine, serial_shops,
          nicolae_diamond_shop, minmay_misc_feat_cross
D:2:      layout_basic, uniq_natasha

Skill      XL: |  1  2  3 |
---------------+----------+-----
Spellcasting   | 5 |  5.0
Invocations    | 1 |  1.1
Short Blades   | 1 |  1.0
Long Blades    | 1 |  1.0
Axes           | 1 |  1.0
Maces & Flails | 1 |  1.0
Staves         | 1 |  1.0
Slings         | 1 |  1.0
Bows           | 1 |  1.0
Crossbows      | 1 |  1.0
Stealth        | 1 |  1.0
Shields        | 1 |  1.0
Unarmed Combat | 1 |  1.0
Evocations     | 1 |  1.0
Fighting       | |  4.6
Polearms       | |  4.6
Throwing       | |  2.7
Armour         | |  2.7
Dodging        | |  4.6
Conjurations   | |  0.7
Hexes          | |  0.7
Summonings     | |  0.7
Necromancy     | |  0.7
Translocations | |  5.4
Transmutations | |  0.7
Fire Magic     | |  0.7
Ice Magic      | |  0.7
Air Magic      | |  0.7
Earth Magic    | |  0.7
Poison Magic   | |  0.7

Action                   || total
-------------------------++-------
Melee: Spear             ||    98
       Bite              ||     8
Armor: Leather armour    ||    13
Dodge: Dodged            ||    42
